Cogmind - Beta 14 @@@ ROGUE MODE // 2024.08.11 @ 23:31:11 Player: Olafz Result: Self-destructed Performance ------------- Evolutions (3) 1500 Regions Visited (4) 800 Robots Destroyed (0) 0 Value Destroyed (0) 0 Prototype IDs (0) 0 Alien Tech Used (0) 0 Bonus (834) 834 TOTAL SCORE: 3134 Bonus ------- Pacifist 834 Cogmind --------- Core Integrity 345/700 Matter 260/300 Energy 100/100 System Corruption 1% Temperature Cool (0) Movement Core (100) Ox1 Location -7/Factory Parts ------- > --- POWER (1) -------- (None) > --- PROPULSION (4) --- (None) > --- UTILITY (6) ------ Signal Interpreter ECM Suite Improved Utility Shielding Hacking Suite Hacking Suite Hacking Suite > --- WEAPON (2) ------- (None) > --- INVENTORY (5) ---- Signal Interpreter Peak State ------------ > --- POWER ------------ (None) > --- PROPULSION ------- (None) > --- UTILITY ---------- Signal Interpreter ECM Suite Improved Utility Shielding Hacking Suite Hacking Suite Hacking Suite > --- WEAPON ----------- (None) > --- INVENTORY -------- Signal Interpreter [Rating: 14] Favorites ----------- Power None Propulsion Flight Unit Flight Unit Flight Unit Utility Signal Interpreter Device ECM Suite Processor Signal Interpreter Hackware Hacking Suite Protection Improved Utility Shielding Weapon None Build | -11 -10 -9 -8 -7 ------- Run | Yrd Mat Mat Mat Fac Slots Evolved 6 | . . 2 2 2 Power . | . . . . . Propulsion 2 | . . . 1 1 Utility 4 | . . 2 1 1 Weapon . | . . . . . Parts Attached 9 | . 2 3 1 3 Power . | . . . . . Engine . | . . . . . Core . | . . . . . Reactor . | . . . . . Propulsion 2 | . 1 1 . . Treads . | . . . . . Leg . | . . . . . Wheel . | . . . . . Hover . | . . . . . Flight 2 | . 1 1 . . Utility 7 | . 1 2 1 3 Device 1 | . . . . 1 Storage . | . . . . . Processor 1 | . 1 . . . Hackware 4 | . . 2 . 2 Protection 1 | . . . 1 . Artifact . | . . . . . Weapon . | . . . . . Energy Gun . | . . . . . Energy Cannon . | . . . . . Ballistic Gun . | . . . . . Ballistic Cannon . | . . . . . Launcher . | . . . . . Special Weapon . | . . . . . Impact Weapon . | . . . . . Slashing Weapon . | . . . . . Piercing Weapon . | . . . . . Special Melee Weapon . | . . . . . Unidentified Prototypes . | . . . . . Parts Lost 3 | . . 3 . . Power . | . . . . . Propulsion 2 | . . 2 . . Utility 1 | . . 1 . . Weapon . | . . . . . Highest Loss Streak 2 | . . 2 . . To Critical Strikes . | . . . . . Average Slot Usage (%) 24 | . 5 31 24 30 Flight 1 | . 1 8 . . Device 3 | . . . . 7 Processor 7 | . 4 11 9 7 Hackware 7 | . . 12 9 7 Protection 4 | . . . 6 7 Peak Build Rating 14 | . 2 9 7 14 Average Rating 5 | . . 5 6 8 On Entrance 2 | . . 2 4 7 Naked Turns 83 | . 83 . . . Heaviest Build 4 | . . . 2 4 Greatest Support 4 | 3 4 4 3 3 Greatest Overweight (x) 1 | . . . . 1 Average Overweight (x) . | . . . . . Largest Inventory Capacity 5 | 5 5 5 5 5 Average Capacity 5 | 5 5 5 5 5 Most Carried 5 | . 2 5 4 4 Average Carried 2 | . . 3 4 2 Final Capacity 5 | 5 5 5 5 5 Final Carried 4 | . 2 4 4 1 Class Distribution -------------------- 100% | Mutant Dominant Class ---------------- Mutant | -10/Materials Mutant | -9/Materials Mutant | -8/Materials Mutant | -7/Factory Resources | -11 -10 -9 -8 -7 ----------- Run | Yrd Mat Mat Mat Fac Matter Collected 209 | 82 . . . 127 Remotely . | . . . . . Salvage Created . | . . . . . Parts . | . . . . . Haulers Intercepted . | . . . . . Recyclers Shooed . | . . . . . Parts Field Recycled . | . . . . . Retrieved Matter . | . . . . . Parts Self-Destructed . | . . . . . Prevented . | . . . . . Kills | -11 -10 -9 -8 -7 ------- Run | Yrd Mat Mat Mat Fac Combat Hostiles Destroyed . | . . . . . Classes Destroyed . | . . . . . Best Kill Streak . | . . . . . Combat Bots Only . | . . . . . Max Kills in Single Turn . | . . . . . Gunslinging . | . . . . . Exploded . | . . . . . Melee . | . . . . . Uniques/NPCs Destroyed . | . . . . . Combat | -11 -10 -9 -8 -7 -------- Run | Yrd Mat Mat Mat Fac Hostile Shots Fired 145 | . 35 39 27 44 Missed 63 | . 18 17 12 16 Damage Taken 1070 | . 211 301 130 428 Core 905 | . 194 235 121 355 Absorbed by Shields . | . . . . . Redirected to Shielding 51 | . . . 5 46 Core Remaining (%) 60 | 100 22 41 78 . Volleys Fired . | . . . . . Largest . | . . . . . Hottest . | . . . . . Shots Fired . | . . . . . Gun . | . . . . . Cannon . | . . . . . Launcher . | . . . . . Special . | . . . . . Kinetic . | . . . . . Thermal . | . . . . . Explosive . | . . . . . Electromagnetic . | . . . . . Robot Hit Streak . | . . . . . Robot Miss Streak . | . . . . . Penetration Max . | . . . . . Secondary Targets . | . . . . . Shots Hit Robots . | . . . . . Core Hits 2 | . 2 . . . Critical Kills . | . . . . . Critical Parts Destroyed . | . . . . . Critical Strikes . | . . . . . Melee Attacks . | . . . . . Impact . | . . . . . Slashing . | . . . . . Piercing . | . . . . . Sneak Attacks . | . . . . . Combat Hostiles . | . . . . . Follow-up Attacks . | . . . . . Damage Inflicted 48 | . 39 . . 9 Guns . | . . . . . Cannons . | . . . . . Explosions . | . . . . . Melee . | . . . . . Ramming 48 | . 39 . . 9 Kinetic . | . . . . . Thermal . | . . . . . Explosive . | . . . . . Electromagnetic . | . . . . . Impact . | . . . . . Slashing . | . . . . . Piercing . | . . . . . Highest Corruption 2 | . 2 . . 1 Average Corruption 1 | . 2 . . 1 Corruption Purged . | . . . . . Corruption Blocked . | . . . . . Effects 1 | . . . . 1 Data Loss (minor) 1 | . . . . 1 Overload Shots . | . . . . . Overflow Damage . | . . . . . Projectiles . | . . . . . Explosions . | . . . . . Melee . | . . . . . Knockbacks . | . . . . . Impact . | . . . . . Kinetic . | . . . . . Secondary . | . . . . . Self-Inflicted Damage 22 | . 18 . . 4 Shots . | . . . . . Rammed 9 | . 8 . . 1 Targets Rammed 9 | . 8 . . 1 Kicked . | . . . . . Crushed . | . . . . . Highest Temperature 2 | . . 2 . . Average Temperature 2 | . . 2 . . Received Heat Transfer 252 | . 105 120 27 . Siege Activations . | . . . . . Robots Corrupted . | . . . . . Combat Hostiles . | . . . . . Parts Fried . | . . . . . Impact Corruptions . | . . . . . Robots Melted . | . . . . . Combat Hostiles . | . . . . . Parts Melted . | . . . . . Heat Transferred . | . . . . . Parts Sabotaged . | . . . . . Parts Stolen . | . . . . . Parts Stripped . | . . . . . Power Chain Reactions . | . . . . . Alert | -11 -10 -9 -8 -7 ------- Run | Yrd Mat Mat Mat Fac Peak Influence 115 | . 90 107 115 108 Initial 51 | . . 37 40 51 Average 63 | . 38 76 69 70 Maximum Alert Level . | . . . . . Low Security (%) 100 | 100 100 100 100 100 Level 1 . | . . . . . Level 2 . | . . . . . Level 3 . | . . . . . Level 4 . | . . . . . Level 5 . | . . . . . High Security . | . . . . . Max Security . | . . . . . Squads Dispatched 3 | . 1 . 1 1 Investigation . | . . . . . Extermination 1 | . . . . 1 Reinforcement 2 | . 1 . 1 . Assault . | . . . . . Garrison . | . . . . . Intercept . | . . . . . Searches Triggered . | . . . . . Construction Impeded . | . . . . . Haulers Reinforced . | . . . . . Active Scanning Responses . | . . . . . Cargo Convoy Interrupts . | . . . . . Stealth | -11 -10 -9 -8 -7 --------- Run | Yrd Mat Mat Mat Fac Distress Signals 2 | . 1 . . 1 Communications Jammed . | . . . . . Distress Signals . | . . . . . Times Spotted 35 | . 11 10 9 5 Peak Tracking Total 8 | . 8 8 5 3 Tactical Retreats 6 | . 1 1 1 3 Traps | -11 -10 -9 -8 -7 ------- Run | Yrd Mat Mat Mat Fac Traps Triggered 1 | . 1 . . . Indirectly . | . . . . . Trap Hack Attempts . | . . . . . Triggered . | . . . . . Disarmed . | . . . . . Reprogrammed . | . . . . . Reused . | . . . . . Traps Extracted . | . . . . . Installed . | . . . . . Triggered . | . . . . . Machines | -11 -10 -9 -8 -7 ---------- Run | Yrd Mat Mat Mat Fac Machines Disabled . | . . . . . Max in Single Turn . | . . . . . Machines Repaired . | . . . . . Machines Dismantled . | . . . . . Machines Sabotaged . | . . . . . Overloaded Fab Kills . | . . . . . Hacking | -11 -10 -9 -8 -7 --------- Run | Yrd Mat Mat Mat Fac Machines Accessed 2 | . 1 . . 1 Terminals 2 | . 1 . . 1 Fabricators . | . . . . . Repair Stations . | . . . . . Recycling Units . | . . . . . Scanalyzers . | . . . . . Garrison Access . | . . . . . Total Hacks 8 | . 4 . . 4 Successful 1 | . . . . 1 Failed 7 | . 4 . . 3 Catastrophic 1 | . 1 . . . Database Lockouts . | . . . . . Manual 8 | . 4 . . 4 Terminals 8 | . 4 . . 4 Fabricators . | . . . . . Repair Stations . | . . . . . Recycling Units . | . . . . . Scanalyzers . | . . . . . Garrison Access . | . . . . . Terminal Hacks . | . . . . . Fabricator Hacks . | . . . . . Repair Station Hacks . | . . . . . Recycling Unit Hacks . | . . . . . Scanalyzer . | . . . . . Garrison Access Hacks . | . . . . . Unauthorized Hacks 1 | . . . . 1 Terminals 1 | . . . . 1 Botnet 1 | . . . . 1 Fabricators . | . . . . . Repair Stations . | . . . . . Recycling Units . | . . . . . Scanalyzers . | . . . . . Garrison Access . | . . . . . Data Cores Recovered . | . . . . . Used . | . . . . . Hacking Detections 2 | . 1 . . 1 Full Trace Events . | . . . . . Feedback Events . | . . . . . Feedback Blocked . | . . . . . Robot Schematics Acquired . | . . . . . Robots Built . | . . . . . Authchips . | . . . . . Time . | . . . . . Total Robot Build Rating . | . . . . . Part Schematics Acquired . | . . . . . Parts Built . | . . . . . Authchips . | . . . . . Time . | . . . . . Total Part Build Rating . | . . . . . Parts Repaired . | . . . . . Time . | . . . . . Parts Recycled . | . . . . . Recycled Matter . | . . . . . Retrieved Matter . | . . . . . Retrieved Components . | . . . . . Parts Scanalyzed . | . . . . . Part Schematics Acquired . | . . . . . Parts Damaged . | . . . . . Bothacking | -11 -10 -9 -8 -7 ------------ Run | Yrd Mat Mat Mat Fac Used RIF Installer . | . . . . . Robots Hacked . | . . . . . Non-combat . | . . . . . Combat . | . . . . . Robot Hacks Applied . | . . . . . Relay Couplers Released . | . . . . . Fabnet Peak Effective % . | . . . . . Robots Rewired . | . . . . . Allies Hacked . | . . . . . Hacks Repelled . | . . . . . Allies | -11 -10 -9 -8 -7 -------- Run | Yrd Mat Mat Mat Fac Total Allies . | . . . . . Largest Group . | . . . . . Highest-Rated Group . | . . . . . Highest-Rated Ally . | . . . . . Total Orders . | . . . . . Ally Attacks . | . . . . . Total Damage . | . . . . . Kills . | . . . . . Allies Corrupted . | . . . . . Allies Melted . | . . . . . Intel | -11 -10 -9 -8 -7 ------- Run | Yrd Mat Mat Mat Fac Robot Analysis Total . | . . . . . Derelict Logs Recovered . | . . . . . Drone Launches . | . . . . . Drone Recoveries . | . . . . . Exploration | -11 -10 -9 -8 -7 ------------- Run | Yrd Mat Mat Mat Fac Turns Passed 614 | 9 129 98 85 293 Spaces Moved 938 | 18 236 232 167 285 Core 721 | 18 207 44 167 285 Treads . | . . . . . Legs . | . . . . . Wheels . | . . . . . Hover . | . . . . . Flight 217 | . 29 188 . . Fastest Speed 35 | 50 40 35 50 50 Average Speed 61 | 50 48 39 50 98 Slowest Speed 100 | 50 50 50 50 100 Overloaded Moves . | . . . . . Propulsion Burnouts . | . . . . . Robots Hopped 6 | . 2 4 . . Cave-ins Triggered . | . . . . . Exploration Rate (%) 29 | 3 64 37 31 11 Regions Visited 4 Branch Regions . Pre-discovered Areas . | . . . . . Known Exits Taken 3 | . 1 1 1 . Unknown Exits Taken 1 | 1 . . . . Scrap Searched . | . . . . . Spaces Dug . | . . . . . Terrain Destroyed . | . . . . . Melee . | . . . . . Projectile . | . . . . . AOE . | . . . . . Terrain Rammed . | . . . . . Walls Destroyed . | . . . . . Machines Disabled . | . . . . . Actions | -11 -10 -9 -8 -7 --------- Run | Yrd Mat Mat Mat Fac Total 960 | 17 246 233 167 297 Wait 9 | . 1 . . 8 Move 923 | 17 231 224 166 285 Hop 5 | . 2 3 . . Pick Up 5 | . 2 3 . . Fast Attach 5 | . 2 2 1 . Attach 4 | . . 1 . 3 Detach . | . . . . . Swap . | . . . . . Drop . | . . . . . Fire . | . . . . . Melee . | . . . . . Ram 9 | . 8 . . 1 Kick . | . . . . . Crush . | . . . . . Escape Stasis . | . . . . . Rewire . | . . . . . Trap . | . . . . . Miscellaneous . | . . . . . Route ------- -11/Scrapyard -10/Materials (discovered 3 exits: *Mat / [*Min x2]) -9/Materials (discovered 3 exits: *Mat / *Min / *Sto) -8/Materials -7/Factory History --------- Turn | Location | Event 3 | -11/Scrapyard | Discovered new exit (range 14) 10 | -11/Scrapyard | Entered Materials 38 | -10/Materials | Discovered new exit (range 6) 79 | -10/Materials | Discovered new exit (range 12) 110 | -10/Materials | Core integrity fell below 50% 134 | -10/Materials | Discovered new exit (range 11) 139 | -10/Materials | Identified exit to Materials 139 | -10/Materials | Entered another Materials area 139 | -9/Materials | Evolved 2 slots: Utility x2 172 | -9/Materials | Discovered new exit (range 7) 174 | -9/Materials | Identified exit to Storage 180 | -9/Materials | Discovered new exit (range 8) 182 | -9/Materials | Identified exit to Mines 217 | -9/Materials | Core integrity fell below 50% 230 | -9/Materials | Discovered new exit (range 15) 237 | -9/Materials | Identified exit to Materials 237 | -9/Materials | Entered another Materials area 237 | -8/Materials | Evolved 2 slots: Propulsion x1, Utility x1 303 | -8/Materials | Build established: Mutant 317 | -8/Materials | Discovered new exit (range 11) 322 | -8/Materials | Identified exit to Factory 322 | -8/Materials | Entered Factory 322 | -7/Factory | Evolved 2 slots: Propulsion x1, Utility x1 517 | -7/Factory | Core integrity fell below 50% 615 | -7/Factory | Self-destructed Last Messages --------------- W-25 Informer sends out distress signal. Slug penetrates Garrison Access. Penetrated by Slug. U-05 Engineer works on Pressure Siphon. Pressure Siphon disabled. Penetrated by Slug. Slammed into T-07 Excavator. Destabilizing: System corrupted (+1). Acquired 127 matter. K-01 Serf cleans the Nuclear Reactor. ALERT: Rogue bot located, Programmers report to Factory Zone 9S. K-01 Serf cleans the Nuclear Reactor. Connecting with Terminal... >>Trojan(Botnet) Trojan loaded successfully. Testing... Terminal linked with 0 systems. Awaiting botnet instructions. Connecting with Terminal... System corrupted: Component data lost. Map ----- +----------------------------------------------------+ | ?????????????????????????????????? | | ?????????????????????????????????? | | ?????????????????????????????????? | | ?????????????????????????????????? | | ?????????????????????????????????? | | ?????????????????????????????????? | | ?????????????????????????????????? | | ?????????????????????????????????? | | ?????????????????????????????????? | | ?????????????????????????????????? | | ?????????????????????????????????? | | ???????????##############????????? | | ???????????# #????????? | | ???????????# #????????? | | ???????????# #????????? | | ???????????# #????????? | | ???????????# ######???? | | #??????????# ## ?# | | ???????????# ??# """ # | | ???????????# ????# """ # | | ???????????# ??????# """ ? | | ???######### ????????# # | | ???# ###+#####+##### """ # | | #### # """ # | | # """ # | | @ # | | # """ # | | #### #= """ # | | ???# ##########+##+# """ # | | ???#########????# # # | | ????????????????# ! """ # """ ? | | ????????????????# T" # """ # | | ????????????????# """ # """ # | | ????????????????# #] ???? | | ????????????????# """ ####????? | | ????????????????# """ #???????? | | ????????????????# """ [#???????? | | ????????????????# #???????? | | ????????????????######??##???????? | | | | | | | | | | | | | | | | | | | | | | | +----------------------------------------------------+ Best States ------------- Heat Dissipation 34 Energy Generation 5 Energy Capacity 100 Matter Stores 280 Matter Capacity 300 Sight Range 16 Terrain Scan Density 10 ECM Strength 1 Utility Shielding 66 Evasion (%) 63 Offensive Hacking 30 Item Schematics ----------------- None Robot Schematics ------------------ None Fabricated ------------ Nothing Alien Tech Used ----------------- None Achievements -------------- None Challenges ------------ None Game ------ Seed HardcellTrapFalx Manual? 0 Play Time 00:10:03 Cumulative 195.1 hours Start 2024.08.11 @ 23:20:32 End 2024.08.11 @ 23:31:11 Sessions 1 Manual Loads 0 Difficulty Rogue Special Mode None Game No. 341 Rogue 339 Adventurer 2 Explorer 0 Win Type - Total 9 Types 8/0/0/1/0/0/0/0/0 Lore% 69 Gallery% 64 Achievement% 55 Wizard Run 0 Options --------- Layout 0 ASCII 0 Keyboard 1 Movement Numpad Keybinds 1 Fullscreen 2 Font 18/SmallcapsGlow Map View 76x50 Zoom Use 0% Tactical HUD 1 Map Filters NONE Filters NONE Steam 1 RUN: 62077217-c2cf-43c8-92ac-b0119aeff4f7